 Dungeon Crawl Stone Soup version 0.28-a0-1087-gf3fc490d9d (webtiles) character file.

Game seed: 9590371321004730450

25 lonewolfV2 the Conjurer (level 2, 0/20 HPs)
             Began as a Draconian Conjurer on Dec 10, 2021.
             Slain by a worm (2 damage)
             ... on level 2 of the Dungeon.
             The game lasted 00:06:11 (1268 turns).

lonewolfV2 the Conjurer (Draconian Conjurer)        Turns: 1268, Time: 00:06:12

Health: 0/20       AC:  4    Str:  9    XL:     2   Next: 82%
Magic:  4/5        EV: 12    Int: 18    God:
Gold:   43         SH:  0    Dex:  9    Spells: 0/5 levels left

rFire   . . .      SeeInvis .   (no weapon)
rCold   . . .      Faith    .   (no shield)
rNeg    . . .      Spirit   .   (armour unavailable)
rPois   .          Reflect  .   (helmet restricted)
rElec   .          Harm     .   (no cloak)
rCorr   .          Rampage  .   (no gloves)
Will    .....                   (no boots)
Stlth   ++........              (no amulet)
HPRegen 0.06/turn               (no ring)
MPRegen 0.09/turn               (no ring)

@: no status effects
A: AC +4, unfitting armour, cold-blooded
a: no special abilities


You were on level 2 of the Dungeon.
You visited 1 branch of the dungeon, and saw 2 of its levels.

You collected 43 gold pieces.

Inventory:

Missiles
 d - a throwing net
Scrolls
 c - a scroll of identify {unknown}
Potions
 a - a potion of curing {unknown}
 b - a potion of cancellation {unknown}


   Skills:
 + Level 1.8 Dodging
 + Level 1.9 Stealth
 + Level 2.1 Spellcasting
 + Level 4.7 Conjurations


You couldn't memorise any spells.
You knew the following spells:

 Your Spells              Type           Power      Damage    Failure   Level
a - Magic Dart            Conj           76%        1d6       2%          1
b - Searing Ray           Conj           38%        2d5       3%          2
c - Passwall              Tmut/Erth      0%         N/A       26%         2

Your spell library contained the following spells:

 Spells                   Type           Power      Damage    Failure   Level
 Dazzling Flash           Conj/Hex       20%        N/A       21%         3
 Blink                    Tloc           2%         N/A       26%         2
 Lesser Beckoning         Tloc           1%         N/A       47%         3
 Swiftness                Air            1%         N/A       47%         3
 Fulminant Prism          Conj/Hex       5%         3d7       56%         4
 Iskenderun's Mystic Bla  Conj/Tloc      10%        2d4       56%         4
 Manifold Assault         Tloc           1%         N/A       99%         5


Dungeon Overview and Level Annotations

Branches:
Dungeon (2/15)

Altars:
Elyvilon


Innate Abilities, Weirdness & Mutations

Your plain brown scales are hard. (AC +4)
You cannot fit into any form of body armour.
You are cold-blooded and may be slowed by cold attacks.


Message History

The endoplasm is almost dead.
The bat hits you but does no damage. The endoplasm completely misses you.
You hit the endoplasm.
You kill the endoplasm!
The bat barely misses you.
Casting: Passwall (quite dangerous; 26% risk of failure)
Confirm with . or Enter, or press ? or * to list all spells.
You don't know that spell.
Unknown command.
Casting: Passwall (quite dangerous; 26% risk of failure)
Confirm with . or Enter, or press ? or * to list all spells.
The spell is quite dangerous to miscast (26% risk of failure)!
Continue anyway? [Y]es or [N]o only, please.
The spell is quite dangerous to miscast (26% risk of failure)!
Continue anyway? [Y]es or [N]o only, please.
The spell is quite dangerous to miscast (26% risk of failure)!
Continue anyway? [Y]es or [N]o only, please.
The spell is quite dangerous to miscast (26% risk of failure)!
Continue anyway? [Y]es or [N]o only, please.
The spell is quite dangerous to miscast (26% risk of failure)!
Continue anyway? [Y]es or [N]o only, please.
The spell is quite dangerous to miscast (26% risk of failure)!
Continue anyway? [Y]es or [N]o only, please.
The spell is quite dangerous to miscast (26% risk of failure)!
Continue anyway? [Y]es or [N]o only, please.
The spell is quite dangerous to miscast (26% risk of failure)!
Continue anyway? [Y]es or [N]o only, please.
The spell is quite dangerous to miscast (26% risk of failure)!
Continue anyway? [Y]es or [N]o only, please.
The spell is quite dangerous to miscast (26% risk of failure)!
Continue anyway?
Okay, then.
You barely miss the worm. The bat closely misses you.
You hit the worm but do no damage. The bat barely misses you.
The worm barely misses you.
You hit the worm but do no damage.
You tail-slap the worm, but do no damage.
The bat closely misses you. The bat barely misses you.
You hit the worm but do no damage. The bat hits you but does no damage.
The worm bites you.
You die...

#.#.......# #.#.......#
#.#.......# #.#.......#
####.#.......#
.....#.......#
######.......#
############# #..b.@#
#.###w# #.#..........
############.#.#.#......
.(...........#.#.#.##.#.
############## #?# # #
..# ###


You could see a worm and a bat.

Vanquished Creatures
  A dart slug (D:2)
  An endoplasm (D:2)
  3 giant cockroaches
  4 hobgoblins
  A quokka (D:2)
  6 ball pythons
  A bat (D:2)
  A frilled lizard (D:1)
  4 rats
22 creatures vanquished.

Notes
Turn   | Place    | Note
-------+----------+-------------------------------------------
     0 | D:1      | lonewolfV2 the Draconian Conjurer began the quest for the
                  | Orb.
     0 | D:1      | Reached XP level 1. HP: 14/14 MP: 3/3
   362 | D:1      | Reached XP level 2. HP: 19/20 MP: 1/5
   417 | D:1      | Learned a level 2 spell: Searing Ray
   489 | D:2      | Found a white marble altar of Elyvilon.
   979 | D:2      | Learned a level 2 spell: Passwall
  1268 | D:2      | Slain by a worm

Illustrated notes

Levels and vault maps discovered:
D:1:      saegor_arrival_simple_d, layout_basic, hangedman_decor_peaks_small
D:2:      layout_basic, basic_altar

Action                   || total
-------------------------++-------
Melee: Unarmed           ||    44
       Tailslap          ||     7
 Cast: Magic Dart        ||    32
       Passwall          ||     4
       Searing Ray       ||     3
Armor: Skin              ||    25
Dodge: Dodged            ||    46

Table legend: (Time is in decaauts)
 A = Elapsed time spent in this place.
 B = Non-inter-level travel time spent in this place.
 C = Inter-level travel time spent in this place.
 D = Time resting spent in this place.
 E = Time spent auto-exploring this place.
 F = Levels seen in this place.
 G = Mean time per level.
                   A        B        C        D        E       F      G
               +--------+--------+--------+--------+--------+-----+--------+
         Total |   1268 |   1268 |      0 |      0 |    957 |   2 |  634.0 |
       Dungeon |   1268 |   1268 |      0 |      0 |    957 |   2 |  634.0 |
               +--------+--------+--------+--------+--------+-----+--------+

Top non-repeatable levels by time:
     D:2: 778 daAuts
     D:1: 489 daAuts
